 Dungeon Crawl Stone Soup version 0.23.2-40-g277498a001 (webtiles) character file.

Game seed: 7054340849558255255

74 ChadusMaximus the Conjurer (level 4, -3/24 HPs)
             Began as a Deep Elf Conjurer on Sept 20, 2019.
             Slain by an orc warrior
             ... wielding a +0 scimitar
              (23 damage)
             ... on level 1 of the Dungeon.
             The game lasted 00:09:22 (2457 turns).

ChadusMaximus the Conjurer (Deep Elf Conjurer)      Turns: 2457, Time: 00:09:22

Health: -3/24      AC:  3    Str:  5    XL:     4   Next: 10%
Magic:  7/11       EV: 13    Int: 21    God:
Gold:   64         SH:  0    Dex: 15    Spells: 3/10 levels left

rFire    . . .     SeeInvis .   n - staff of poison
rCold    . . .     Gourm    .   (no shield)
rNeg     . . .     Faith    .   a - +0 robe
rPois    +         Spirit   .   (no helmet)
rElec    .         Reflect  .   g - +0 cloak
rCorr    .         Harm     .   (no gloves)
MR       .....                  (no boots)
Stlth    ++........             (no amulet)
HPRegen  0.08/turn              (no ring)
MPRegen  0.12/turn              (no ring)

@: no status effects
A: no striking features
a: no special abilities


You were on level 1 of the Dungeon.
You were hungry.

You visited 1 branch of the dungeon, and saw 2 of its levels.

You collected 64 gold pieces.

Inventory:

Armour
 a - a +0 robe (worn)
 b - a +0 ring mail
 g - a +0 cloak (worn)
Magical Staves
 n - an uncursed staff of poison (weapon)
Scrolls
 d - 2 scrolls of identify {unknown}
 f - 2 scrolls of teleportation {unknown}
 j - a scroll of magic mapping {unknown}
 k - 2 scrolls of noise {unknown}
 l - a scroll of remove curse {unknown}
 q - a scroll of blinking {unknown}
Potions
 e - a potion of heal wounds {unknown}
 i - a potion of ambrosia {unknown}
 m - a potion of mutation {unknown}
 o - a potion of curing {unknown}
 p - 3 potions of might {unknown}
Comestibles
 c - 2 rations


   Skills:
 + Level 2.8 Dodging
 + Level 3.0 Stealth
 + Level 3.7 Spellcasting
 + Level 5.5 Conjurations


You had 3 spell levels left.
You knew the following spells:

 Your Spells              Type           Power        Failure   Level  Hunger
a - Magic Dart            Conj           ####         1%          1    None
b - Searing Ray           Conj           ####..       1%          2    ##.....
c - Iskenderun's Mystic   Conj           ####....     13%         4    ####...

Your spell library contained the following spells:

 Spells                   Type           Power        Failure   Level  Hunger
 Dazzling Spray           Conj/Hex       ###...       12%         3    ###....
 Force Lance              Conj/Tloc      ###.....     36%         4    ####...
 Fulminant Prism          Conj/Hex       ###.......   36%         4    ####...


Dungeon Overview and Level Annotations

Branches:
Dungeon (2/15)

Altars:


Message History

The searing ray misses the orc warrior.
The searing ray misses the orc warrior.
The searing ray hits the orc!
You kill the orc!
There is a stone staircase leading up, spattered with blood here.
You see here 3 stones.
The orc warrior hits you with a +0 scimitar!
You climb upwards.
There is a stone staircase leading down here.
All of the chunks of flesh in your inventory have rotted away.
Casting: Searing Ray (safe; 1% risk of failure)
Confirm with . or Enter, or press ? or * to list all spells.
Aiming: Iskenderun's Mystic Blast (safe; 13% risk of failure)
Press: ? - help, Shift-Dir - straight line, f - orc warrior
Aim: an orc warrior, wielding a +0 scimitar and wearing a cursed -2 plate armour The orb of energy hits the orc warrior!
The orc warrior is moderately wounded.
You are feeling hungry.
The orc warrior hits you with a +0 scimitar!!
Ouch! That really hurt!
You die...

##################
.................#
################.#
...........)#..#.#
###########.#.##.# #.#.##.#
###### ######.#.##.# #.....
#......#.##o# #.....
#......#.##@# #.....
#......#(##.## #.....
###########.#.....##### #.....
..........#.#..#......# #.....
.##....##...###.......######.....
.##....###..#.............##.....
.+..........#.#...........##.....
.##....###..#.#.....#.....####...
.+.....(......#...........# #...


You could see an orc warrior.

Vanquished Creatures
  2 adders (D:2)
  2 worms (D:2)
  A dart slug (D:1)
  A leopard gecko (D:2)
  An orc (D:2)
  A ball python (D:1)
  3 giant cockroaches
  3 goblins
  6 hobgoblins
  3 jackals
  4 bats
  4 frilled lizards
  7 kobolds
  7 rats
45 creatures vanquished.

Notes
Turn   | Place    | Note
-------+----------+-------------------------------------------
     0 | D:1      | ChadusMaximus the Deep Elf Conjurer began the quest for the
                  | Orb.
     0 | D:1      | Reached XP level 1. HP: 10/10 MP: 6/6
   437 | D:1      | Reached XP level 2. HP: 15/15 MP: 6/8
   929 | D:1      | Reached skill level 5 in Conjurations
  1141 | D:2      | Noticed an orc warrior
  1400 | D:2      | Learned a level 2 spell: Searing Ray
  1574 | D:2      | Reached XP level 3. HP: 19/19 MP: 6/9
  2187 | D:2      | Reached XP level 4. HP: 24/24 MP: 7/11
  2227 | D:2      | Learned a level 4 spell: Iskenderun's Mystic Blast
  2457 | D:1      | Slain by an orc warrior

Skill      XL: |  1  2  3 |
---------------+----------+-----
Conjurations   | 5 |  5.5
Stealth        | 3 |  3.0
Dodging        | |  2.8
Spellcasting   | |  3.7

Action                   |  1- 3 |  4- 6 || total
-------------------------+-------+-------++-------
Throw: Throwing net      |     1 |       ||     1
 Cast: Magic Dart        |    70 |     4 ||    74
       Searing Ray       |     9 |     1 ||    10
       Iskenderun's Myst |       |     3 ||     3
  Eat: Chunk             |     4 |     1 ||     5
Armor: Robe              |    17 |       ||    17
Dodge: Dodged            |    38 |       ||    38
